 Dungeon Crawl Stone Soup version 0.28-a0-8-g6e044cfa68 (webtiles) character file.

Game seed: 11081222760680279023

11051 Zonian the Destroyer (level 11, 0/92 HPs)
             Began as a Grey Draconian Conjurer on July 24, 2021.
             Was an Elder of Makhleb.
             Slain by a cane toad (3 damage)
             ... while petrified by a catoblepas
             ... on level 2 of the Lair of Beasts.
             The game lasted 00:27:53 (19011 turns).

Zonian the Destroyer (Grey Draconian Conjurer)     Turns: 19011, Time: 00:27:53

Health: 0/92       AC: 16    Str: 10    XL:     11   Next: 44%
Magic:  30/30      EV:  2    Int: 19    God:    Makhleb [****..]
Gold:   450        SH:  0    Dex: 12    Spells: 17/23 levels left

rFire   . . .      SeeInvis .   a - +4 dagger (speed)
rCold   . . .      Faith    .   (no shield)
rNeg    + + +      Spirit   .   (armour unavailable)
rPois   ∞          Reflect  .   (helmet restricted)
rElec   .          Harm     .   (no cloak)
rCorr   .          Rampage  .   (no gloves)
Will    .....                   (no boots)
Stlth   +++.......              (no amulet)
HPRegen 0.25/turn               j - +4 ring of protection
MPRegen 0.22/turn               J - ring of magical power

@: petrified
A: AC +12, amphibious, unfitting armour, cold-blooded
a: Renounce Religion, Minor Destruction, Lesser Servant of Makhleb, Major
Destruction


You were on level 2 of the Lair of Beasts.
You worshipped Makhleb.
Makhleb was greatly pleased with you.
You visited 2 branches of the dungeon, and saw 12 of its levels.

You collected 890 gold pieces.
You spent 440 gold pieces at shops.

Inventory:

Hand Weapons
 a - a +4 dagger of speed (weapon)
 e - a +1 dagger
 i - the +1 flail "Ropitz" {venom, +Rage rElec Str+3}
   (You found it on level 4 of the Dungeon)

   It poisons the flesh of those it strikes.
   Str:       It affects your strength (+3).
   rElec:     It insulates you from electricity.
   +Rage:     It lets you go berserk.
 l - a +0 hand crossbow
 n - a +0 rapier
 p - a +2 dagger of venom
 v - a +3 scimitar of flaming
 G - a +0 hunting sling
 K - a +5 antimagic trident
 Q - a +2 short sword of venom
 R - a +0 vorpal broad axe
Missiles
 k - a throwing net
 m - 97 sling bullets
 r - 7 silver javelins
 F - 6 poisoned darts
 P - 5 curare-tipped darts
Magical Staves
 I - a staff of poison
 O - a staff of death
Jewellery
 j - a +4 ring of protection (left hand)
 q - a ring of see invisible
 J - a ring of magical power (right hand)
 M - an amulet of regeneration
Wands
 g - a wand of iceblast (3)
 w - a wand of polymorph (19)
 N - a wand of paralysis (5)
Scrolls
 f - 4 scrolls of teleportation
 s - a scroll of enchant armour
 t - 2 scrolls of magic mapping
 u - a scroll of summoning
 y - a scroll of fog
 C - 2 scrolls of fear
 D - a scroll of amnesia
 H - 2 scrolls of holy word
 L - 2 scrolls of blinking
Potions
 b - 4 potions of flight
 c - 2 potions of haste
 d - 4 potions of lignification
 h - 3 potions of heal wounds
 o - 4 potions of attraction
 x - a potion of ambrosia {unknown}
 z - 2 potions of magic {unknown}
 A - a potion of might {unknown}
 B - 3 potions of brilliance {unknown}
 E - a potion of mutation {unknown}
Miscellaneous
 S - a tin of tremorstones (inert)


   Skills:
 + Level 7.5 Fighting
 + Level 5.1 Short Blades
 + Level 6.8 Dodging
 + Level 7.3 Stealth
 + Level 6.8 Spellcasting
 + Level 8.3 Conjurations
 + Level 2.8 Earth Magic
 + Level 7.5 Invocations


You had 17 spell levels left.
You knew the following spells:

 Your Spells              Type           Power      Damage    Failure   Level
a - Magic Dart            Conj           100%       1d8       1%          1
b - Searing Ray           Conj           76%        3d6       1%          2
c - Stone Arrow           Conj/Erth      54%        3d10      3%          3

Your spell library contained the following spells:

 Spells                   Type           Power      Damage    Failure   Level
 Dazzling Flash           Conj/Hex       44%        N/A       5%          3
 Mephitic Cloud           Conj/Pois/Air  17%        N/A       10%         3
 Freeze                   Ice            24%        1d5       11%         1
 Sting                    Tmut/Pois      24%        1d4       11%         1
 Call Imp                 Summ           6%         N/A       16%         2
 Poisonous Vapours        Pois/Air       12%        N/A       16%         2
 Fulminant Prism          Conj/Hex       11%        3d9       19%         4
 Hailstorm                Conj/Ice       22%        3d7       19%         4
 Iskenderun's Mystic Bla  Conj/Tloc      22%        2d6       19%         4
 Frozen Ramparts          Ice            12%        1d3       30%         3
 Gell's Gravitas          Tloc           3%         N/A       30%         3
 Portal Projectile        Hex/Tloc       12%        N/A       30%         3
 Teleport Other           Tloc           6%         N/A       30%         3
 Olgreb's Toxic Radiance  Pois           6%         N/A       71%         4
 Blade Hands              Tmut           3%         N/A       96%         5
 Excruciating Wounds      Necr           3%         N/A       96%         5
 Starburst                Conj/Fire      11%        8x6d5     96%         6
 Dispersal                Tloc           3%         N/A       100%        6
 Lehudib's Crystal Spear  Conj/Erth      13%        10d5      100%        8
 Animate Armour           Summ/Erth      Unusable   N/A       N/A         4

Dungeon Overview and Level Annotations

Branches:
Dungeon (10/15)            Temple (0/1) D:5            Lair (2/6) D:10
  Swamp: Lair:2-4    Shoals: Lair:2-4     Snake: Lair:2-4    Spider: Lair:2-4
    Orc: D:9-12

Altars:
Ashenzari
Gozag
Kikubaaqudgha
Makhleb
Trog
Uskayaw
Vehumet
Wu Jian
Xom
Yredelemnul

Shops:
D:4 *   D:9 =

Annotations:
D:7 3 runed translucent doors, ClockworkOrrery's ghost, novice GrFi
Lair:1 2 transporters, Ovvef's ghost, journeyman GnFi
Lair:2 exclusion: oklob plant


Innate Abilities, Weirdness & Mutations

Your dull iron-grey scales are very hard. (AC +12)
You are amphibious.
You cannot fit into any form of body armour.
You are cold-blooded and may be slowed by cold attacks.


Message History

The blast of calcifying dust hits your ufetubus.
Your ufetubus hits the cane toad.
Your ufetubus hits the cane toad but does no damage.
Your ynoxinul is engulfed in calcifying dust.
Your ynoxinul stops moving altogether!
You are engulfed in calcifying dust.
Your ufetubus is engulfed in calcifying dust.
Your ufetubus is moving more slowly.
The blink frog blinks!
Your ufetubus closely misses the cane toad.
Your ufetubus hits the cane toad but does no damage.
The cane toad stings you but does no damage.
The catoblepas completely misses you.
Your ufetubus barely misses the cane toad.
Your ufetubus hits the cane toad but does no damage.
Your ufetubus barely misses the cane toad.
Your ufetubus hits the cane toad.
Your ynoxinul is engulfed in calcifying dust.
You are engulfed in calcifying dust.
The cane toad stings you!
* * * LOW HITPOINT WARNING * * *
Your ufetubus misses the cane toad.
Your ufetubus barely misses the cane toad.
The catoblepas breathes a plume of calcifying dust at you.
The blast of calcifying dust hits you but does no damage.
The blast of calcifying dust hits your ynoxinul!
Your ufetubus barely misses the cane toad.
Your ufetubus closely misses the cane toad.
The cane toad stings you.
* * * LOW HITPOINT WARNING * * *
Your ynoxinul is engulfed in calcifying dust.
You are engulfed in calcifying dust.
Your ufetubus barely misses the cane toad. x2
Your ufetubus hits the cane toad.
Your ufetubus hits the cane toad but does no damage.
The catoblepas breathes a plume of calcifying dust at you.
The blast of calcifying dust hits you.
* * * LOW HITPOINT WARNING * * *
The blast of calcifying dust hits your ynoxinul.
The cane toad stings you.
You die...

.[ #..... ... #..## .....
##..# #....##.⌠.##.....
#...#.........# ...P.
#......?.F.§..# ...PS
#......5.§.# #...PF
#...FF3.# ..#(## #
#....@55# ####.+.#.#
#.+#.#†Y.### ##........#
##....#F#+## #........##
#.....F.§..# #........#
.#.......Y.# #.......##
#..........######.Y.....P#
..............!FP........#
#........####.#.'.......##
##......## #####.......#


You could see a catoblepas (ally target), a cane toad (ally target), 3 blink
frogs, a bullfrog (petrified), a friendly ynoxinul (summoned, petrified) and 3
friendly ufetubi.

Vanquished Creatures
  A hydra (Lair:1)
  Erica (D:8)
  A two-headed ogre (D:10)
  Sonja (Lair:1)
  Joseph (D:8)
  Maggie (Lair:1)
  2 cane toads (Lair:1)
  A komodo dragon (Lair:2)
  2 basilisks
  11 yaks
  A wyvern (D:9)
  Grum (D:8)
  2 steam dragons
  3 vampire mosquitoes (D:6)
  Menkaure (D:7)
  Edmund (D:4)
  3 water moccasins
  2 black bears
  2 ice beasts
  An orc warrior (D:9)
  A necrophage (D:7)
  2 ogres
  3 wolves (D:8)
  2 centaurs
  A kobold brigand (D:8)
  9 bullfrogs
  2 gnoll sergeants (D:10)
  A scorpion (D:5)
  2 water moccasin skeletons (D:4)
  13 wights
  3 centaur zombies
  3 hounds
  2 bullfrog skeletons
  8 orc priests
  3 iguanas
  6 orc wizards
  A killer bee zombie (D:8)
  A hound skeleton (D:4)
  3 howler monkey zombies
  10 gnolls
  3 adders
  A white imp (D:7)
  An ufetubus (D:7)
  A worm (D:3)
  5 dart slugs
  21 orcs
  6 endoplasms
  A giant cockroach (D:3)
  8 goblins
  8 hobgoblins
  4 jackals (D:2)
  9 kobolds
  3 quokkas
  6 ball pythons
  4 bats
  3 frilled lizards (D:1)
  2 rats
  A spectral orc (D:10)
202 creatures vanquished.

Vanquished Creatures (collateral kills)
  An elephant (D:10)
1 creature vanquished.

Vanquished Creatures (others)
  2 fungi (Lair:2)
  7 plants
9 creatures vanquished.

Grand Total: 212 creatures vanquished

Notes
Turn   | Place    | Note
-------+----------+-------------------------------------------
     0 | D:1      | Zonian the Draconian Conjurer began the quest for the Orb.
     0 | D:1      | Reached XP level 1. HP: 14/14 MP: 3/3
    82 | D:1      | Found a faded altar of an unknown god.
   175 | D:1      | Became a worshipper of Makhleb the Destroyer
   175 | D:1      | Reached * piety under Makhleb
   553 | D:1      | Reached XP level 2. HP: 20/20 MP: 0/5
   556 | D:1      | Learned a level 2 spell: Searing Ray
  1540 | D:2      | Reached XP level 3. HP: 27/27 MP: 1/6
  1751 | D:2      | Found a shimmering altar of Xom.
  2272 | D:2      | Reached skill level 1 in Invocations
  2281 | D:2      | Reached skill level 1 in Fighting
  2281 | D:2      | Reached XP level 4. HP: 35/35 MP: 0/7
  3266 | D:3      | Reached ** piety under Makhleb
  4310 | D:4      | Reached XP level 5. HP: 31/40 MP: 1/8
  4699 | D:4      | Noticed a phantom
  4699 | D:4      | Noticed an ogre
  5495 | D:4      | Reached skill level 5 in Conjurations
  5519 | D:4      | Reached XP level 6. HP: 48/48 MP: 3/10
  5718 | D:4      | Noticed a steam dragon
  5735 | D:4      | Killed a steam dragon
  6093 | D:4      | Found Deteito's Elemental Accessories.
  6253 | D:4      | Identified the +1 flail "Ropitz" {venom, +Rage rElec Str+3}
  6371 | D:4      | Noticed Edmund
  6392 | D:4      | Killed Edmund
  6393 | D:4      | Your scales start taking on a dull iron-grey colour.
  6393 | D:4      | Reached XP level 7. HP: 21/56 MP: 6/11
  6588 | D:4      | Learned a level 3 spell: Stone Arrow
  6686 | D:5      | Entered Level 5 of the Dungeon
  7052 | D:5      | Found a staircase to the Ecumenical Temple.
  7063 | D:5      | Found a radiant altar of Vehumet.
  7689 | D:5      | Found an opulent altar of Gozag.
  7866 | D:4      | Bought a wand of iceblast (8) for 120 gold pieces
  8652 | D:6      | Reached XP level 8. HP: 63/64 MP: 13/13
  8695 | D:6      | Found an ornate altar of the Wu Jian Council.
  9382 | D:6      | Reached skill level 6 in Conjurations
 10246 | D:7      | Noticed Menkaure
 10260 | D:7      | Killed Menkaure
 10261 | D:7      | Reached skill level 5 in Stealth
 10280 | D:7      | Reached XP level 9. HP: 73/73 MP: 16/16
 10847 | D:7      | Found a runed translucent gate.
 10847 | D:7      | Found a runed translucent gate.
 10847 | D:7      | Found a runed translucent gate.
 10848 | D:7      | Noticed ClockworkOrrery's ghost (novice GrFi)
 11053 | D:8      | Noticed Grum
 11068 | D:8      | Reached skill level 5 in Fighting
 11068 | D:8      | Reached skill level 1 in Short Blades
 11068 | D:8      | Reached skill level 5 in Invocations
 11073 | D:8      | Killed Grum
 11074 | D:8      | Reached skill level 5 in Spellcasting
 11370 | D:8      | Reached *** piety under Makhleb
 11456 | D:8      | Found a bloodstained altar of Trog.
 11510 | D:8      | Noticed Erica
 11523 | D:8      | Killed Erica
 11524 | D:8      | Reached skill level 5 in Dodging
 11524 | D:8      | Reached skill level 7 in Conjurations
 11801 | D:8      | Noticed Joseph
 11832 | D:8      | Killed Joseph
 12256 | D:8      | Found a hide-covered altar of Uskayaw.
 12352 | D:8      | Reached XP level 10. HP: 79/81 MP: 18/18
 12468 | D:9      | Found a shimmering altar of Xom.
 13206 | D:9      | Found a shimmering altar of Xom.
 13292 | D:9      | Found a shimmering altar of Xom.
 13292 | D:9      | Found a shimmering altar of Xom.
 13737 | D:9      | Found a shimmering altar of Xom.
 13990 | D:9      | Found an ancient bone altar of Kikubaaqudgha.
 14085 | D:9      | Reached **** piety under Makhleb
 14447 | D:9      | Found Kito Dimp's Jewellery Emporium.
 14451 | D:9      | Bought a ring of magical power for 320 gold pieces
 14656 | D:10     | Entered Level 10 of the Dungeon
 14665 | D:10     | Found a broken altar of Ashenzari.
 15619 | D:10     | Noticed an elephant
 15908 | D:10     | Noticed a two-headed ogre
 15929 | D:10     | Killed a two-headed ogre
 15930 | D:10     | Reached skill level 8 in Conjurations
 15930 | D:10     | Reached skill level 1 in Earth Magic
 15930 | D:10     | Reached XP level 11. HP: 77/92 MP: 20/20
 16068 | D:10     | Found a basalt altar of Yredelemnul.
 16512 | D:10     | Found a staircase to the Lair.
 16698 | D:10     | Found a burning altar of Makhleb.
 16883 | Lair:1   | Entered Level 1 of the Lair of Beasts
 16925 | Lair:1   | Found a transporter.
 16925 | Lair:1   | Noticed a spriggan rider
 16929 | Lair:1   | Noticed a spriggan rider
 16936 | Lair:1   | Noticed Ovvef's ghost (journeyman GnFi)
 16937 | Lair:1   | Found a bloodstained altar of Trog.
 17636 | Lair:1   | Noticed Sonja
 17642 | Lair:1   | Killed Sonja
 18015 | Lair:1   | Found a transporter.
 18453 | Lair:1   | Noticed Maggie
 18478 | Lair:1   | Killed Maggie
 18576 | Lair:1   | Noticed an eight-headed hydra
 18582 | Lair:1   | Killed an eight-headed hydra
 18583 | Lair:1   | Reached skill level 5 in Short Blades
 18936 | Lair:2   | Noticed an oklob plant
 18978 | Lair:2   | Noticed a catoblepas
 19010 | Lair:2   | HP: 3/92 [cane toad (2)]
 19011 | Lair:2   | Slain by a cane toad

Illustrated notes

Levels and vault maps discovered:
D:1:      sevenhm_arrival_forest_fort_large_1, layout_basic,
          ebering_ecumenical_altar_abandoned, corexii_corridor_pit,
          hangedman_abyss_or_decor_stabs
D:2:      layout_basic, serial_forest, infiniplex_forest_lined_3,
          infiniplex_forest_straight_2, infiniplex_forest_clump_medium,
          infiniplex_forest_straight_2, basic_altar
D:3:      layout_basic
D:4:      layout_loops_ring, corexii_checkpoint_a, nicolae_elemental_shop,
          hex_large, uniq_edmund
D:5:      layout_basic, amcnicky_altar_gilded, grunt_gozag_breadcrumbs,
          minmay_temple_entry_offerings
D:6:      layout_basic, mainiacjoe_overflow_alcove_1
D:7:      layout_loops_cross, gammafunk_ghost_necromancy, uniq_menkaure
D:8:      layout_basic, mainiacjoe_overflow_alcove_2, lemuel_crystal_altar,
          enter_bailey_5, minmay_misc_feat_enclosed, uniq_grum, uniq_erica,
          uniq_joseph
D:9:      layout_loops_cross, mainiacjoe_overflow_brackets, xom_shifter_show,
          serial_shops, kennysheep_mini_moat
D:10:     layout_loops_ring, yredelemnul_forgotten_temple_becter,
          lightli_temple_of_fire, ashenzari_altar_1, david_lair_generic
Lair:1:   layout_regular_city, gammafunk_ghost_wrathful_warriors,
          serial_bayou_pond_c, uniq_sonja, uniq_maggie
Lair:2:   layout_roguey, minmay_hedge_maze, serial_bayou_shore_a,
          grunt_megastairs_5, serial_bayou_shore_b, minmay_lair_oklob_chamber

Skill      XL: |  1  2  3  4  5  6  7  8  9 10 11 |
---------------+----------------------------------+-----
Stealth        | 2 3 4 5 6 7 |  7.3
Dodging        | 2 3 4 5 6 |  6.8
Invocations    | 1 2 3 4 5 7 |  7.5
Fighting       | 1 2 3 4 5 7 |  7.5
Conjurations   | 5 6 7 8 |  8.3
Spellcasting   | 3 4 5 6 |  6.8
Short Blades   | 3 4 5 |  5.1
Earth Magic    | 1 2 |  2.8

Action                   |  1- 3 |  4- 6 |  7- 9 | 10-12 || total
-------------------------+-------+-------+-------+-------++-------
Melee: Dagger            |     1 |    76 |   180 |   165 ||   422
       Tailslap          |       |     8 |    19 |    19 ||    46
Throw: Throwing net      |       |       |       |     1 ||     1
 Cast: Magic Dart        |    68 |    75 |   127 |   114 ||   384
       Searing Ray       |       |     5 |    17 |    32 ||    54
Invok: Lesser Servant of |       |       |       |     3 ||     3
Evoke: Wand              |       |       |     7 |     3 ||    10
       Tin of tremorston |       |       |       |     2 ||     2
  Use: Scroll            |       |     8 |     9 |     2 ||    19
       Potion            |       |       |     1 |       ||     1
 Stab: Sleeping          |       |     3 |     4 |     3 ||    10
       Petrified         |       |       |       |     3 ||     3
Armor: Skin              |       |    24 |    88 |   102 ||   214
Dodge: Dodged            |     5 |    46 |   129 |   134 ||   314

Table legend: (Time is in decaauts)
 A = Elapsed time spent in this place.
 B = Non-inter-level travel time spent in this place.
 C = Inter-level travel time spent in this place.
 D = Time resting spent in this place.
 E = Time spent auto-exploring this place.
 F = Levels seen in this place.
 G = Mean time per level.
                   A        B        C        D        E       F      G
               +--------+--------+--------+--------+--------+-----+--------+
         Total |  18866 |  18386 |    480 |   8951 |   7442 |  12 | 1572.2 |
       Dungeon |  16774 |  16326 |    448 |   7825 |   6762 |  10 | 1677.4 |
          Lair |   2092 |   2061 |     31 |   1126 |    680 |   2 | 1046.0 |
               +--------+--------+--------+--------+--------+-----+--------+

Top non-repeatable levels by time:
     D:9: 2182 daAuts
     D:4: 2112 daAuts
  Lair:1: 1972 daAuts
    D:10: 1955 daAuts
     D:3: 1911 daAuts
     D:1: 1703 daAuts
     D:8: 1672 daAuts
     D:6: 1601 daAuts
     D:5: 1358 daAuts
     D:7: 1279 daAuts
     D:2: 997 daAuts
  Lair:2: 119 daAuts
